 Dungeon Crawl Stone Soup version 0.29-a0-830-gcb1280458a (webtiles) character file.

Game seed: 7203690413456127527

154 lesbiats the Grasshopper (level 5, -2/43 HPs)
             Began as a Gnoll Warper on July 11, 2022.
             Was a Follower of Yredelemnul.
             Slain by an orc warrior
             ... wielding a +0 glaive
              (13 damage)
             ... on level 3 of the Dungeon.
             The game lasted 00:13:40 (3061 turns).

lesbiats the Grasshopper (Gnoll Warper)             Turns: 3061, Time: 00:13:40

Health: -2/43      AC:  9    Str: 16    XL:     5   Next: 35%
Magic:  12/12      EV: 16    Int: 12    God:    Yredelemnul [*.....]
Gold:   161        SH:  0    Dex: 11    Spells: 3/14 levels left

rFire   + . .      SeeInvis .   a - +0 hand axe
rCold   . . .      Faith    .   (no shield)
rNeg    . . .      Spirit   .   r - +3 ring mail of Tufucecs {Str+3}
rPois   .          Reflect  .   (no helmet)
rElec   .          Harm     .   (no cloak)
rCorr   .          Rampage  .   (no gloves)
Will    .....                   n - +0 pair of boots
Stlth   +.........              u - amulet of the acrobat
HPRegen 0.14/turn               j - +4 ring of evasion
MPRegen 0.13/turn               o - ring of protection from fire

@: no status effects
A: fangs 1, strong nose, distributed training
a: Renounce Religion, Recall Undead Harvest


You were on level 3 of the Dungeon.
You worshipped Yredelemnul.
Yredelemnul was noncommittal.
You visited 1 branch of the dungeon, and saw 3 of its levels.

You collected 161 gold pieces.

Inventory:

Hand Weapons
 a - a +0 hand axe (weapon)
Missiles
 d - 7 boomerangs of dispersal (quivered)
Armour
 b - a +0 leather armour
 n - a +0 pair of boots (worn)
 r - the +3 ring mail of Tufucecs (worn) {Str+3}
   (You found it on level 3 of the Dungeon)

   Str:       It affects your strength (+3).
Jewellery
 j - a +4 ring of evasion (left hand)
 o - a ring of protection from fire (right hand)
 s - a ring of fire
 u - an amulet of the acrobat (around neck)
Scrolls
 c - a scroll of blinking
 f - 2 scrolls of identify {unknown}
 g - a scroll of amnesia {unknown}
 k - a scroll of brand weapon {unknown}
 m - 2 scrolls of poison {unknown}
 p - a scroll of fear {unknown}
 q - a scroll of magic mapping
 v - a scroll of fog {unknown}
Potions
 e - a potion of resistance {unknown}
 h - a potion of might {unknown}
 i - 2 potions of curing {unknown}
 l - 3 potions of degeneration {unknown}
 t - a potion of heal wounds {unknown}


   Skills:
 + Level 4.8 Fighting
 + Level 1.5 Short Blades
 + Level 1.5 Long Blades
 + Level 4.8 Axes
 + Level 1.5 Maces & Flails
 + Level 1.5 Polearms
 + Level 1.5 Staves
 + Level 1.5 Ranged Weapons
 + Level 3.0 Throwing
 + Level 3.0 Armour
 + Level 4.8 Dodging
 + Level 1.5 Stealth
 + Level 1.5 Shields
 + Level 1.5 Unarmed Combat
 + Level 5.2 Spellcasting
 + Level 1.2 Conjurations
 + Level 1.2 Hexes
 + Level 1.2 Summonings
 + Level 1.2 Necromancy
 + Level 5.5 Translocations
 + Level 1.2 Transmutations
 + Level 1.2 Fire Magic
 + Level 1.2 Ice Magic
 + Level 1.2 Air Magic
 + Level 1.2 Earth Magic
 + Level 1.2 Poison Magic
 + Level 1.7 Invocations
 + Level 1.5 Evocations


You had 3 spell levels left.
You knew the following spells:

 Your Spells              Type           Power      Damage    Failure   Level
a - Blink                 Tloc           32%        N/A       5%          2
b - Gell's Gravitas       Tloc           16%        N/A       11%         3
c - Teleport Other        Tloc           16%        N/A       11%         3
d - Lesser Beckoning      Tloc           16%        N/A       11%         3

Your spell library contained the following spells:

 Spells                   Type           Power      Damage    Failure   Level
 Manifold Assault         Tloc           16%        N/A       71%         5


Dungeon Overview and Level Annotations

Branches:
Dungeon (3/15)

Altars:
Dithmenos
Yredelemnul
Zin

Annotations:
D:3 ytrimaz's ghost, novice DsGl


Innate Abilities, Weirdness & Mutations

You have very sharp teeth.
Your uncanny sense of smell can sniff out nearby items.
Your experience applies equally to all skills.


Message History

Your adder zombie barely misses ytrimaz's ghost.
Your adder zombie closely misses ytrimaz's ghost.
You barely miss ytrimaz's ghost.
Ytrimaz's ghost is lightly damaged.
You hit the quokka but do no damage.
Your bat zombie closely misses the rat.
Your bat zombie hits the rat.
The rat dies!
The quokka closely misses you.
Your adder zombie bites ytrimaz's ghost.
Your adder zombie barely misses ytrimaz's ghost.
Ytrimaz's ghost hits you! The orc warrior misses you.
Your bat zombie hits the orc warrior but does no damage.
You completely miss ytrimaz's ghost.
Ytrimaz's ghost is lightly damaged.
You barely miss the quokka.
Your bat zombie hits the orc warrior.
Your bat zombie hits the orc warrior but does no damage.
The quokka closely misses you.
Your adder zombie bites ytrimaz's ghost.
Your adder zombie barely misses ytrimaz's ghost.
Ytrimaz's ghost hits you but does no damage.
The orc warrior hits your bat zombie with a +0 glaive!!
Your bat zombie is destroyed!
You slash ytrimaz's ghost!
Ytrimaz's ghost is moderately damaged.
You closely miss the quokka. The quokka closely misses you.
Your adder zombie bites ytrimaz's ghost but does no damage.
Your adder zombie misses ytrimaz's ghost.
Ytrimaz's ghost misses you. The orc warrior closely misses you.
The quokka barely misses you.
You hit ytrimaz's ghost but do no damage.
Ytrimaz's ghost is moderately damaged.
You closely miss the quokka.
Your adder zombie bites ytrimaz's ghost.
Your adder zombie barely misses ytrimaz's ghost.
Ytrimaz's ghost hits you!
* * * LOW HITPOINT WARNING * * *
The quokka barely misses you.
The orc warrior hits you from afar with a +0 glaive!
You die...
Your body rises from the dead as a mindless zombie.

##.......####..........##.#.##.#Z
#....=.### *##.........###.#.##.#
.......### #,,.#.......####.#.##Z
#<.......# #.*,#..........##.#.##
.......#.###.#,#..........*##.#.#
#......#.......#.......#*,,,##.#.
#......#*##....#.......#*****##.#
#......#*.......ZZ....#* ##.
########*......Z@Z....# ##
*..###'rW###..## ########
*********,,#....o..#...###....^..
,,,,,,,**,,#.......#.......##.<..
,,,,,,,**,.#.#...#.#...####...#..
,,,,,,,**..#..#.#..#...###..##..#
,,,,,,,**..#.#...#.#...........##
,,,,,,,,,..#..$$...#.............
,*,*,*,**,,*,......#.......######


You could see an orc warrior, ytrimaz's ghost (ally target), a quokka, a
friendly ball python zombie, 2 friendly adder zombies and a friendly rat zombie.

Vanquished Creatures
  2 adders
  4 gnolls (D:2)
  2 worms (D:2)
  2 dart slugs (D:3)
  An orc (D:3)
  10 bats
  6 endoplasms
  2 giant cockroaches
  7 goblins
  A hobgoblin (D:2)
  3 jackals (D:2)
  3 quokkas
  6 ball pythons
  4 kobolds
  4 rats
57 creatures vanquished.

Vanquished Creatures (collateral kills)
  2 adders
  2 bats (D:1)
  An endoplasm (D:2)
  A hobgoblin (D:1)
  A ball python (D:3)
  5 frilled lizards
  A rat (D:3)
13 creatures vanquished.

Vanquished Creatures (others)
  An adder zombie (D:2)
  4 bat zombies
  A ball python zombie (D:2)
  2 endoplasm zombies
  2 gnoll zombies (D:2)
  2 goblin zombies
  A hobgoblin zombie (D:2)
  A jackal zombie (D:1)
  A kobold zombie (D:2)
15 creatures vanquished.

Grand Total: 85 creatures vanquished

Notes
Turn   | Place    | Note
-------+----------+-------------------------------------------
     0 | D:1      | lesbiats the Gnoll Warper began the quest for the Orb.
     0 | D:1      | Reached XP level 1. HP: 20/20 MP: 6/6
   216 | D:1      | Reached XP level 2. HP: 19/26 MP: 7/7
   533 | D:1      | Found a faded altar of an unknown god.
   537 | D:1      | Prayed at the altar of an unknown god.
   537 | D:1      | Became a worshipper of Yredelemnul the Dark
   537 | D:1      | Reached * piety under Yredelemnul
   879 | D:1      | Reached skill level 5 in Spellcasting
   879 | D:1      | Reached XP level 3. HP: 28/31 MP: 5/9
   882 | D:1      | Learned a level 2 spell: Blink
   886 | D:1      | Learned a level 3 spell: Gell's Gravitas
   890 | D:1      | Learned a level 3 spell: Teleport Other
   894 | D:1      | Learned a level 3 spell: Lesser Beckoning
  1232 | D:2      | Found a glowing silver altar of Zin.
  1322 | D:2      | Reached skill level 1 in Invocations
  1414 | D:2      | Reached skill level 1 in Short Blades
  1414 | D:2      | Reached skill level 1 in Long Blades
  1414 | D:2      | Reached skill level 1 in Maces & Flails
  1414 | D:2      | Reached skill level 1 in Polearms
  1414 | D:2      | Reached skill level 1 in Staves
  1414 | D:2      | Reached skill level 1 in Ranged Weapons
  1414 | D:2      | Reached skill level 1 in Stealth
  1414 | D:2      | Reached skill level 1 in Shields
  1414 | D:2      | Reached skill level 1 in Unarmed Combat
  1414 | D:2      | Reached skill level 1 in Evocations
  1715 | D:2      | Reached XP level 4. HP: 21/38 MP: 8/11
  1785 | D:2      | Reached skill level 1 in Conjurations
  1785 | D:2      | Reached skill level 1 in Hexes
  1785 | D:2      | Reached skill level 1 in Summonings
  1785 | D:2      | Reached skill level 1 in Necromancy
  1785 | D:2      | Reached skill level 1 in Transmutations
  1785 | D:2      | Reached skill level 1 in Fire Magic
  1785 | D:2      | Reached skill level 1 in Ice Magic
  1785 | D:2      | Reached skill level 1 in Air Magic
  1785 | D:2      | Reached skill level 1 in Earth Magic
  1785 | D:2      | Reached skill level 1 in Poison Magic
  2695 | D:3      | Found a shadowy altar of Dithmenos.
  2729 | D:3      | Identified the +3 ring mail of Tufucecs {Str+3}
  2810 | D:3      | Reached XP level 5. HP: 43/43 MP: 12/12
  3020 | D:3      | Found a runed translucent gate.
  3020 | D:3      | Found a runed translucent gate.
  3022 | D:3      | Found a runed translucent gate.
  3022 | D:3      | Noticed an orc warrior
  3022 | D:3      | Noticed ytrimaz's ghost (novice DsGl)
  3061 | D:3      | Slain by an orc warrior

Illustrated notes

Levels and vault maps discovered:
D:1:      sevenhm_arrival_forest_fort_large_4, layout_basic,
          hellmonk_ecumenical_altar_heavens_door, hex_medium
D:2:      layout_basic, basic_altar
D:3:      minmay_inner_zag, layout_rooms, nicolae_dithmenos_shadow_blocks,
          gammafunk_ghost_split, st_stairs_11

Skill      XL: |  1  2  3  4  5 |
---------------+----------------+-----
Spellcasting   | 5 |  5.2
Invocations    | 1 |  1.7
Short Blades   | 1 |  1.5
Long Blades    | 1 |  1.5
Maces & Flails | 1 |  1.5
Polearms       | 1 |  1.5
Staves         | 1 |  1.5
Ranged Weapons | 1 |  1.5
Stealth        | 1 |  1.5
Shields        | 1 |  1.5
Unarmed Combat | 1 |  1.5
Evocations     | 1 |  1.5
Conjurations   | 1 |  1.2
Hexes          | 1 |  1.2
Summonings     | 1 |  1.2
Necromancy     | 1 |  1.2
Transmutations | 1 |  1.2
Fire Magic     | 1 |  1.2
Ice Magic      | 1 |  1.2
Air Magic      | 1 |  1.2
Earth Magic    | 1 |  1.2
Poison Magic   | 1 |  1.2
Throwing       | 3 |  3.0
Armour         | 3 |  3.0
Fighting       | |  4.8
Axes           | |  4.8
Dodging        | |  4.8
Translocations | |  5.5

Action                   |  1- 3 |  4- 6 || total
-------------------------+-------+-------++-------
Melee: Hand axe          |   102 |    96 ||   198
       Bite              |     8 |     8 ||    16
       Punch             |     1 |     2 ||     3
 Cast: Gell's Gravitas   |       |     3 ||     3
       Teleport Other    |       |     1 ||     1
       Blink             |       |     1 ||     1
Invok: Recall Undead Har |     5 |     5 ||    10
  Use: Scroll            |       |     2 ||     2
 Stab: Distracted        |     1 |       ||     1
Armor: Leather armour    |    42 |     6 ||    48
       Ring mail         |       |    15 ||    15
Dodge: Dodged            |    92 |   120 ||   212

Table legend: (Time is in decaauts)
 A = Elapsed time spent in this place.
 B = Non-inter-level travel time spent in this place.
 C = Inter-level travel time spent in this place.
 D = Time resting spent in this place.
 E = Time spent auto-exploring this place.
 F = Levels seen in this place.
 G = Mean time per level.
                   A        B        C        D        E       F      G
               +--------+--------+--------+--------+--------+-----+--------+
         Total |   3072 |   3015 |     57 |    601 |   1393 |   3 | 1024.0 |
       Dungeon |   3072 |   3015 |     57 |    601 |   1393 |   3 | 1024.0 |
               +--------+--------+--------+--------+--------+-----+--------+

Top non-repeatable levels by time:
     D:2: 1500 daAuts
     D:1: 1197 daAuts
     D:3: 375 daAuts
